Map: Thunderbird LE

Players

Zanster

  • Race: Zerg Zerg
  • Spawn Location: 11:00

OGZest (Zest) - Winner!

  • Race: Protoss Protoss
  • Spawn Location: 5:00

Event: HomeStory Cup XIX

VOD

Have the link to the VOD?

Description

Time

  • Played on: June 28, 2019, 5:16 p.m.
  • Length: 5:21

All games in this series

Show
View Real Time Build Order
Export as new Build Order

Zanster Zerg 

Build Orders: Hatch First, Zergling Baneling 

Get SALT Encoding   

  12  0:00  Drone  
  13  0:12  Overlord  
  13  0:17  Drone  
  14  0:30  Drone  
  14  0:31  Drone  
  16  0:48  Hatchery  
  15  0:51  Drone  
  15  0:54  Drone  
  17  0:58  Drone  
  18  1:10  Extractor  
  17  1:13  Spawning Pool  
  17  1:16  Drone  
  17  1:19  Drone  
  18  1:28  Drone  
  19  1:38  Drone  
  20  1:49  Drone  
  21  2:00  Queen, Overlord  
  21  2:01  Queen  
  23  2:02  Zergling x2  
  26  2:10  Drone  
  26  2:11  Zergling x2  
  26  2:14  Metabolic Boost  
  28  2:23  Drone x2  
  30  2:36  Hatchery  
  29  2:40  Drone  
  29  2:42  Drone  
  29  2:44  Drone  
  32  2:50  Queen  
  34  2:54  Overlord  
  34  2:58  Drone  
  35  3:00  Drone  
  36  3:13  Overlord  
  36  3:14  Drone x2  
  36  3:15  Drone x3  
  36  3:16  Drone  
  42  3:24  Drone x2  
  42  3:25  Overlord  
  44  3:34  Overlord  
  44  3:42  Overlord  
  44  3:45  Spore Crawler  
  44  3:47  Baneling Nest  
  44  3:48  Zergling x6  
  47  3:55  Drone x2  
  47  4:06  Spore Crawler  
  47  4:07  Zergling x12  
  52  4:13  Zergling x14  
  57  4:21  Zergling x4  
  56  4:30  Overlord  
  56  4:31  Baneling x7  
  56  4:33  Zergling x4  
  56  4:35  Zergling x2, Queen  
  61  4:39  Baneling  
  61  4:42  Zergling x2  
  62  4:48  Zergling x14  
  69  4:59  Baneling  
  66  5:02  Zergling x6  
Show
View Real Time Build Order
Export as new Build Order

OGZest Protoss - Winner!

Build Orders: 1 Gate Expand, Oracle Opening, Phoenix Opening 

Get SALT Encoding   

  12  0:00  Probe  
  13  0:12  Probe  
  14  0:17  Pylon  
  14  0:24  Probe  
  15  0:32  Probe  
  15  0:37  Gateway  
  15  0:40  Probe  
  16  0:46  Assimilator  
  17  0:51  Probe  
  18  1:03  Probe  
  19  1:15  Probe  
  20  1:23  Nexus  
  20  1:34  Cybernetics Core  
  20  1:37  Probe  
  21  1:43  Assimilator  
  21  1:49  Probe  
  21  1:52  Pylon  
  22  2:00  Adept  
  22  2:01  Probe  
  23  2:14  Stargate  
  25  2:15  Probe  
  26  2:24  Warp Gate  
  26  2:28  Probe  
  27  2:30  Adept  
  27  2:32  Probe  
  30  2:40  Probe  
  30  2:41  Probe  
  31  2:49  Phoenix  
  31  2:51  Probe  
  32  2:52  Probe  
  36  3:02  Oracle  
  36  3:03  Probe  
  36  3:04  Probe  
  38  3:10  Pylon  
  38  3:15  Probe  
  38  3:16  Probe  
  43  3:25  Assimilator  
  43  3:27  Probe, Assimilator  
  43  3:28  Probe  
  43  3:32  Oracle  
  45  3:34  Gateway  
  45  3:39  Probe  
  45  3:40  Probe  
  47  3:44  Pylon  
  50  3:51  Probe  
  50  3:52  Probe  
  52  3:59  Robotics Facility  
  52  4:01  Oracle  
  52  4:03  Probe  
  52  4:04  Probe  
  52  4:09  Pylon  
  57  4:25  Pylon  
  57  4:26  Probe x2  
  59  4:32  Sentry  
  59  4:33  Sentry  
  59  4:37  Nexus  
  63  4:40  Probe  
  63  4:41  Pylon  
  66  4:56  Sentry  
  68  5:00  Sentry  
  68  5:04  Pylon  
  70  5:11  Gateway x2  
  72  5:15  Shield Battery  
  72  5:19  Pylon  
Tags
 
Add a new tag
Caveats
  • Supply blocks, unpowered buildings, or Contaminate may cause inaccurate times.
  • Supply counts are checked every 10 seconds.